 Dungeon Crawl Stone Soup version 0.18.1-48-g4cf74bf (webtiles) character file.

14 gizzmo999 the Chiller (level 2, 17/19 HPs)
             Began as a Merfolk Ice Elementalist on July 24, 2016.
             Quit the game on level 1 of the Dungeon.
             The game lasted 00:08:19 (670 turns).

gizzmo999 the Chiller (Merfolk Ice Elementalist)     Turns: 670, Time: 00:08:19

Health: 17/19      AC: 10    Str:  8    XL:     2   Next: 45%
Magic:  5/5        EV:  1    Int: 14    God:
Gold:   22         SH:  0    Dex: 14    Spells: 2 memorised, 2 levels left

rFire  . . .     SeeInvis .     g - +0 dagger
rCold  . . .     Gourm    .     l - +0 plate armour (curse)
rNeg   . . .     Faith    .     (no shield)
rPois  .         Spirit   .     (no helmet)
rElec  .         Dismiss  .     (no cloak)
rCorr  .         Reflect  .     (no gloves)
SustAt .         Harm     .     (boots currently unavailable)
MR     .....                    (no amulet)
Stlth  ..........               (no ring)
                                (no ring)

@: very slightly contaminated, very quick, not resistant to hostile
enchantments, extremely unstealthy
A: change form in water, swift swim
a: no special abilities


You were on level 1 of the Dungeon.
You were not hungry.

You visited 1 branch of the dungeon, and saw 1 of its levels.

You collected 22 gold pieces.

Inventory:

Hand Weapons
 g - a +0 dagger (weapon)
 m - a +0 short sword
 o - a +0 dagger
Missiles
 e - 5 needles of sleeping
 h - 23 stones
 n - 8 javelins (quivered)
Armour
 a - a +1 robe
 l - a cursed +0 plate armour (worn)
Scrolls
 d - a scroll of teleportation
 k - a scroll of immolation {unknown}
Books
 b - a book of Frost

   Spells                             Type                      Level
   a - Freeze                         Ice                          1
   b - Throw Frost                    Conjuration/Ice              2
   c - Ozocubu's Armour               Charms/Ice                   3
   d - Throw Icicle                   Conjuration/Ice              4
   e - Summon Ice Beast               Ice/Summoning                4
Comestibles
 c - a bread ration
 f - a chunk of flesh
 i - a beef jerky
 j - a meat ration


   Skills:
 + Level 3.0 Dodging
 + Level 2.3 Stealth
 + Level 2.2 Spellcasting
 + Level 0.7 Conjurations
 + Level 3.7 Ice Magic


You had 2 spell levels left.
You knew the following spells:

 Your Spells              Type           Power        Failure   Level  Hunger
a - Freeze                Ice            ##..         100%        1    #......
b - Throw Frost           Conj/Ice       #.....       100%        2    ###....


Dungeon Overview and Level Annotations

Branches:
Dungeon (1/15)

Altars:


Message History

The bat hits you but does no damage.
Your plate armour prevents you from hitting the bat.
The bat is moderately wounded.
The bat hits you but does no damage.
You miss the bat.
Your tail-slap misses the bat.
The bat is moderately wounded.
The bat hits you but does no damage. The bat hits you but does no damage.
You closely miss the bat.
The bat is moderately wounded.
The bat barely misses you.
Casting: Freeze
Confirm with . or Enter, or press ? or * to list all spells.
The spell is very dangerous to cast!
Continue anyway? [Y]es or [N]o only, please.
The spell is very dangerous to cast!
Continue anyway?
Okay, then. (m)acro, (M)acro raw, keymap [(k) default, (x) level-map, (t)argeting, (c)onfirm, m(e)nu], (s)ave?
Aborting.
Are you sure you want to abandon this character and quit the game? (Confirm with "yes".)

## ##.###########..######
#. #...######..###.# #.
###..##.##...##..
#.##.###.#.##.#####.#
#.#...##.#.#.## ..
#...≈..#...#..# #.#
##...≈≈.≈...#.# #.#
#.##.≈≈.≈≈....# ..
##.#..÷@≈≈..≈## #.###
#...≈.≈≈≈b.≈## ..#.
##..≈≈≈≈≈≈≈.## #.#.
#.≈≈≈≈≈≈≈≈..# #####.#.
##.≈≈≈...≈.≈.## #.......
##.≈≈≈.≈<..≈≈≈##.#.......
#.#...≈..≈≈≈≈.##.........
#.#..≈≈≈.≈≈≈≈.##.........
###...≈≈≈≈≈≈..####.......


You could see a bat.

Vanquished Creatures
  2 bats (D:1)
  3 giant cockroaches (D:1)
  3 goblins (D:1)
  2 kobolds (D:1)
  3 rats (D:1)
13 creatures vanquished.

Notes
Turn   | Place    | Note
--------------------------------------------------------------
     0 | D:1      | gizzmo999 the Merfolk Ice Elementalist began the quest for the Orb.
     0 | D:1      | Reached XP level 1. HP: 13/13 MP: 3/3
   161 | D:1      | Reached XP level 2. HP: 18/19 MP: 1/5
   304 | D:1      | Learned a level 2 spell: Throw Frost
   670 | D:1      | Quit the game

Skill      XL: |  1  2 |
---------------+-------+-----
Dodging        | 3 |  3.0
Stealth        | |  2.3
Spellcasting   | |  2.2
Conjurations   | |  0.7
Ice Magic      | |  3.7

Action                   || total
-------------------------++-------
Melee: Unarmed           ||     5
       Dagger            ||    43
       Tailslap          ||     1
 Cast: Freeze            ||     7
  Use: Scroll            ||     2
Armor: Robe              ||    15
       Plate armour      ||   120
Dodge: Dodged            ||    37
